 Dungeon Crawl Stone Soup version 0.21.0 (webtiles) character file.

76 Hekarica the Sneak (level 4, -3/40 HPs)
             Began as a Naga Assassin on May 24, 2018.
             Slain by benacre's ghost (9 damage)
             ... on level 3 of the Dungeon.
             The game lasted 00:07:59 (1388 turns).

Hekarica the Sneak (Naga Assassin)                  Turns: 1388, Time: 00:08:00

Health: -3/40      AC:  5    Str: 13    XL:     4   Next: 32%
Magic:  4/4        EV:  9    Int: 12    God:
Gold:   106        SH:  3    Dex: 13    Spells: 3/3 levels left

rFire    . . .     SeeInvis +   a - +2 dagger
rCold    . . .     Gourm    .   (no shield)
rNeg     . . .     Faith    .   h - +0 leather armour
rPois    +         Spirit   .   (helmet restricted)
rElec    .         Reflect  +   d - +0 cloak
rCorr    .         Harm     .   (no gloves)
MR       .....                  (no barding)
Stlth    +++.......             q - +3 amulet of reflection
HPRegen  0.13/turn              (no ring)
MPRegen  0.09/turn              (no ring)

@: very slow
A: large, horns 1, stinger 1, thin metallic scales 1, see invisible, deformed
body, poison resistance, slowness 2, slow metabolism 1, spit poison 1, AC +1
a: Spit Poison


You were on level 3 of the Dungeon.
You were not hungry.

You visited 1 branch of the dungeon, and saw 3 of its levels.

You collected 106 gold pieces.

Inventory:

Hand Weapons
 a - a +2 dagger (weapon)
 b - a +0 blowgun
Missiles
 e - 27 poisoned needles
 f - 2 curare-tipped needles
 o - 4 needles of sleeping
Armour
 c - a +0 robe
 d - a +0 cloak (worn)
 h - a +0 leather armour (worn)
Jewellery
 j - an uncursed ring of see invisible {unknown}
 q - a +3 amulet of reflection (around neck)
Scrolls
 l - a scroll of blinking {unknown}
Potions
 i - a potion of invisibility
 k - a potion of might {unknown}
 m - a potion of brilliance {unknown}
Comestibles
 g - 6 rations


   Skills:
 + Level 2.6 Fighting
 + Level 2.6 Short Blades
 - Level 1.7 Throwing
 + Level 1.5 Dodging
 * Level 7.1 Stealth


You had 3 spell levels left.
You didn't know any spells.

Dungeon Overview and Level Annotations

Branches:
Dungeon (3/15)

Altars:
Makhleb

Annotations:
D:3 benacre's ghost, amateur MiGl


Innate Abilities, Weirdness & Mutations

You cannot wear boots.
Your serpentine skin is tough. (AC +1)
You have supernaturally acute eyesight. (SInv)
Armour fits poorly on your strangely shaped body.
Your system is resistant to poisons. (rPois)
You cover ground very slowly.
You have a slow metabolism.
You can spit poison.
You have a pair of small horns on your head.
Your tail ends in a poisonous barb.
You are partially covered in thin metallic scales. (AC +2)


Message History

You hit benacre's ghost.
Benacre's ghost is moderately damaged.
Benacre's ghost closely misses you.
You hit benacre's ghost. You headbutt benacre's ghost.
Benacre's ghost is heavily damaged.
Benacre's ghost hits you but does no damage.
You hit benacre's ghost but do no damage.
Benacre's ghost is heavily damaged.
You hit benacre's ghost.
You tail-slap benacre's ghost, but do no damage.
Benacre's ghost is heavily damaged.
Benacre's ghost ripples.
Benacre's ghost hits you!
You hit benacre's ghost but do no damage.
Benacre's ghost is heavily damaged.
Benacre's ghost hits you!
* * * LOW HITPOINT WARNING * * *
You see here a bat corpse.
Benacre's ghost hits you!
You die...

.. W. .# ## . .#### #. #....)
#.# ###.....
#.#..#########...#
#....).....#.(..##########.##
####..###....W@...)).†.....>.
##.......†##########.#####
....#####[..## # #####
#†#..## #.##..# ..###†# ..##
.# ..# .. ##. ##.


You could see benacre's ghost.

Vanquished Creatures
  2 adders
  An ooze (D:1)
  A worm (D:2)
  A dart slug (D:1)
  A leopard gecko (D:2)
  An orc (D:3)
  6 goblins
  6 hobgoblins
  6 kobolds
  2 quokkas
  3 ball pythons
  7 bats
  4 frilled lizards
  6 rats
47 creatures vanquished.

Notes
Turn   | Place    | Note
-------+----------+-------------------------------------------
     0 | D:1      | Hekarica the Naga Assassin began the quest for the Orb.
     0 | D:1      | Reached XP level 1. HP: 19/19 MP: 1/1
   139 | D:1      | Reached skill level 6 in Stealth
   219 | D:1      | Reached skill level 1 in Dodging
   219 | D:1      | Reached XP level 2. HP: 26/26 MP: 2/2
   638 | D:1      | Reached XP level 3. HP: 32/32 MP: 3/3
   873 | D:2      | Gained mutation: You are partially covered in thin metallic scales. (AC +2) [potion of mutation]
   873 | D:2      | Gained mutation: You have a pair of small horns on your head. [potion of mutation]
   873 | D:2      | Gained mutation: Your tail ends in a poisonous barb. [potion of mutation]
  1168 | D:2      | Found a burning altar of Makhleb.
  1168 | D:2      | Noticed a cacodemon
  1171 | D:2      | Noticed a smoke demon
  1171 | D:2      | Noticed an orange demon
  1279 | D:3      | Reached XP level 4. HP: 40/40 MP: 4/4
  1300 | D:3      | Reached skill level 7 in Stealth
  1365 | D:3      | Noticed benacre's ghost (amateur MiGl)
  1388 | D:3      | Slain by benacre's ghost

Skill      XL: |  1  2  3  4 |
---------------+-------------+-----
Stealth        | 6 7 |  7.1
Dodging        | 1 |  1.5
Fighting       | |  2.6
Short Blades   | |  2.6
Throwing       | |  1.7

Action                   |  1- 3 |  4- 6 || total
-------------------------+-------+-------++-------
Melee: Dagger            |    99 |    41 ||   140
       Headbutt          |     5 |     7 ||    12
       Tailslap          |       |     4 ||     4
  Use: Scroll            |     4 |       ||     4
       Potion            |     4 |       ||     4
 Stab: Sleeping          |    11 |       ||    11
  Eat: Ration            |     1 |       ||     1
Armor: Leather armour    |    38 |     8 ||    46
Dodge: Dodged            |    49 |    14 ||    63
Block: Other             |     1 |     4 ||     5
